 Dungeon Crawl Stone Soup version 0.31-a0-18-gea43df2a32 (webtiles) character file.

Game seed: 1056704110988443339

295 pk666 the Magician (level 6, -2/32 HPs)
             Began as a Deep Elf Hedge Wizard on May 12, 2023.
             Slain by a gnoll
             ... wielding a +0 antimagic halberd
              (7 damage)
             ... on level 3 of the Dungeon.
             The game lasted 00:07:00 (3407 turns).

pk666 the Magician (Deep Elf Hedge Wizard)          Turns: 3407, Time: 00:07:01

Health: -2/32      AC:  2    Str:  7    XL:     6   Next: 11%
Magic:  0/16       EV: 12    Int: 21    God:
Gold:   101        SH:  0    Dex: 14    Spells: 10/16 levels left

rFire   . . .        n - +1 dagger (speed)
rCold   . . .        (no shield)
rNeg    . . .        b - +0 robe
rPois   .            c - +0 hat
rElec   .            (no cloak)
rCorr   .            (no gloves)
SInv    .            (no boots)
Will    .....        (no amulet)
Stlth   ++           (no ring)
HPRegen 0.25/turn    (no ring)
MPRegen 0.15/turn

%: no passive effects
@: no status effects
A: no striking features
a: no special abilities


You were on level 3 of the Dungeon.
You visited 1 branch of the dungeon, and saw 3 of its levels.

You collected 101 gold pieces.

Inventory:

Hand Weapons
 n - a +1 dagger of speed (weapon)
Armour
 b - a +0 robe (worn)
 c - a +0 hat (worn)
Scrolls
 a - a scroll of teleportation {unknown}
 e - a scroll of brand weapon {unknown}
 h - 3 scrolls of identify {unknown}
 j - a scroll of vulnerability {unknown}
 l - 2 scrolls of amnesia {unknown}
 m - a scroll of torment {unknown}
Potions
 d - a potion of magic
 f - 2 potions of attraction {unknown}
 g - a potion of curing {unknown}
 i - a potion of berserk rage {unknown}
 k - a potion of invisibility {unknown}


   Skills:
 - Level 2.4 Dodging
 - Level 2.4 Stealth
 + Level 5.7 Spellcasting
 + Level 3.1 Conjurations
 - Level 1.1 Summonings
 + Level 3.1 Translocations
 * Level 2.4 Air Magic
 * Level 2.6 Poison Magic


You had 10 spell levels left.
You knew the following spells:

 Your Spells              Type           Power      Damage    Failure   Level
a - Magic Dart            Conj           76%        1d6       2%          1
b - Blink                 Tloc           38%        N/A       4%          2
c - Mephitic Cloud        Conj/Pois/Air  17%        N/A       10%         3

Your spell library contained the following spells:

 Spells                   Type           Power      Damage    Failure   Level
 Cigotuvi's Dreadful Rot  Necr/Pois/Air  26%        N/A       8%          2
 Slow                     Hex            24%        N/A       10%         1
 Call Imp                 Summ           20%        N/A       10%         2


Dungeon Overview and Level Annotations

Branches:
Dungeon (3/15)

Altars:

Annotations:
D:3 Sigmund


Message History

Aiming: Magic Dart (safe; 2% risk of failure)
Press: ? - help, Shift-Dir - straight line, f/p - gnoll
Aim: a gnoll, wielding a +0 antimagic halberd (severely wounded, 100% to hit)
The magic dart hits the gnoll but does no damage.
The gnoll is severely wounded.
The gnoll hits you with a +0 antimagic halberd!
* * * LOW HITPOINT WARNING * * *
You feel your power leaking away.
Casting: Magic Dart (safe; 2% risk of failure)
Confirm with . or Enter, or press ? or * to list all spells.
Aiming: Magic Dart (safe; 2% risk of failure)
Press: ? - help, Shift-Dir - straight line, f/p - gnoll
Aim: a gnoll, wielding a +0 antimagic halberd (severely wounded, 100% to hit)
The magic dart hits the gnoll but does no damage.
The gnoll is severely wounded.
The gnoll closely misses you.
Casting: Magic Dart (safe; 2% risk of failure)
Confirm with . or Enter, or press ? or * to list all spells.
Aiming: Magic Dart (safe; 2% risk of failure)
Press: ? - help, Shift-Dir - straight line, f/p - gnoll
Aim: a gnoll, wielding a +0 antimagic halberd (severely wounded, 100% to hit)
The magic dart hits the gnoll.
The gnoll is almost dead.
The gnoll closely misses you.
Casting: Magic Dart (safe; 2% risk of failure)
Confirm with . or Enter, or press ? or * to list all spells.
You don't have enough magic to cast this spell.
Casting: Magic Dart (safe; 2% risk of failure)
Confirm with . or Enter, or press ? or * to list all spells.
You don't have enough magic to cast this spell.
Casting: Magic Dart (safe; 2% risk of failure)
Confirm with . or Enter, or press ? or * to list all spells.
You don't have enough magic to cast this spell.
You closely miss the gnoll.
The gnoll is almost dead.
The gnoll barely misses you.
You barely miss the gnoll.
The gnoll is almost dead.
The gnoll hits you with a +0 antimagic halberd!
You die...

#.#.#.#.#####.##.# #..# #...#
.#.#.#.##... ###.# #..#######...#
#.#.#.## ..8.###.#... #.........#
.#.#.## ......#.#.#..#.#####..##
#.#.#.# ..)$.........#.##..<....
.#.#.## #.# #.#....#.## #.#.#.##
#.#.. #.#..#.#.# .#.#.#.##
####g#....#.####.#.#
#.#.#.#.#####.##@#.#..#......#†#
.#.#.#.#.#.#.###.#.#..#.######.#
#.#.#.#.#.#.#.##.#.#.##.# #.#
.#.#.#.#.#.#.###.#.#.#### #.#
#.#.#.#.#.#.#.##.#.#.# #.#
.#.#.#.#.#.#)###.#.#.#########.##
#.#.#.#.#.#.#....#...............
.#.#.#.#.#.#+##..#...############
#.#.#.#..........#.###


You could see a gnoll.

Vanquished Creatures
  A black bear (D:2)
  A jelly (D:3)
  3 gnolls (D:3)
  5 adders (D:2)
  A worm (D:2)
  A dart slug (D:1)
  2 orcs
  10 ball pythons
  6 endoplasms
  8 giant cockroaches
  7 goblins
  8 hobgoblins
  10 jackals
  5 kobolds
  5 quokkas
  5 bats
  4 rats
82 creatures vanquished.

Notes
Turn   | Place    | Note
-------+----------+-------------------------------------------
     0 | D:1      | pk666 the Deep Elf Hedge Wizard began the quest for the
                  | Orb.
     0 | D:1      | Reached XP level 1. HP: 10/10 MP: 7/7
   194 | D:1      | You fall into a shaft and drop 1 floor!
   250 | D:2      | Reached XP level 2. HP: 11/15 MP: 0/9
   319 | D:2      | Noticed a black bear
   870 | D:2      | Reached XP level 3. HP: 19/19 MP: 1/11
  1047 | D:2      | Reached skill level 5 in Spellcasting
  1261 | D:2      | Learned a level 3 spell: Mephitic Cloud
  1264 | D:2      | Learned a level 2 spell: Blink
  1611 | D:1      | Reached XP level 4. HP: 24/24 MP: 10/13
  2253 | D:2      | Reached skill level 1 in Poison Magic
  2353 | D:2      | Reached skill level 1 in Air Magic
  2573 | D:2      | Killed a black bear
  2574 | D:2      | Reached XP level 5. HP: 15/28 MP: 8/14
  3155 | D:3      | Noticed Sigmund
  3280 | D:3      | Reached XP level 6. HP: 32/32 MP: 9/16
  3407 | D:3      | Slain by a gnoll

Illustrated notes

Levels and vault maps discovered:
D:1:      matt_arrival_spirals, layout_rooms, minivault_25, hex_large
D:2:      minmay_wonky_spiral, layout_loops_ring, roderic_lattice_a,
          grunt_ministairs_6
D:3:      layout_basic, trog_antimagical, uniq_sigmund

Skill      XL: |  1  2  3  4  5 |
---------------+----------------+-----
Translocations | 2 3 |  3.1
Conjurations   | 2 3 |  3.1
Spellcasting   | 5 |  5.7
Poison Magic   | 2 |  2.6
Air Magic      | 2 |  2.4
Dodging        | |  2.4
Stealth        | |  2.4
Summonings     | |  1.1

Action                     |  1- 3 |  4- 6 || total
---------------------------+-------+-------++-------
  Melee: Dagger            |    53 |    24 ||    77
         Punch             |       |     1 ||     1
   Cast: Magic Dart        |   119 |    97 ||   216
         Mephitic Cloud    |       |     2 ||     2
   Stab: Confused          |       |     3 ||     3
 Armour: Robe              |    19 |     5 ||    24
  Dodge: Dodged            |   116 |    28 ||   144

Table legend: (Time is in decaauts)
 A = Elapsed time spent in this place.
 B = Non-inter-level travel time spent in this place.
 C = Inter-level travel time spent in this place.
 D = Time resting spent in this place.
 E = Time spent auto-exploring this place.
 F = Levels seen in this place.
 G = Mean time per level.
                   A        B        C        D        E       F      G
               +--------+--------+--------+--------+--------+-----+--------+
         Total |   3401 |   3322 |     79 |    655 |   2088 |   3 | 1133.7 |
       Dungeon |   3401 |   3322 |     79 |    655 |   2088 |   3 | 1133.7 |
               +--------+--------+--------+--------+--------+-----+--------+

Top non-repeatable levels by time:
     D:2: 1655 daAuts
     D:1: 1076 daAuts
     D:3: 669 daAuts
